%YAML 1.1
%TAG !u! tag:unity3d.com,2011:
--- !u!1 &2492675693525660560
GameObject:
  m_ObjectHideFlags: 0
  m_CorrespondingSourceObject: {fileID: 0}
  m_PrefabInstance: {fileID: 0}
  m_PrefabAsset: {fileID: 0}
  serializedVersion: 6
  m_Component:
  - component: {fileID: 7500529592653948660}
  m_Layer: 0
  m_Name: Dungeon_props
  m_TagString: Untagged
  m_Icon: {fileID: 0}
  m_NavMeshLayer: 0
  m_StaticEditorFlags: 0
  m_IsActive: 1
--- !u!4 &7500529592653948660
Transform:
  m_ObjectHideFlags: 0
  m_CorrespondingSourceObject: {fileID: 0}
  m_PrefabInstance: {fileID: 0}
  m_PrefabAsset: {fileID: 0}
  m_GameObject: {fileID: 2492675693525660560}
  serializedVersion: 2
  m_LocalRotation: {x: 0, y: 0, z: 0, w: 1}
  m_LocalPosition: {x: 0, y: 0, z: 0}
  m_LocalScale: {x: 1, y: 1, z: 1}
  m_ConstrainProportionsScale: 0
  m_Children:
  - {fileID: 3209369768973120872}
  - {fileID: 4097438722156022492}
  - {fileID: 5441004264496133459}
  - {fileID: 9057338472110467881}
  - {fileID: 3622152930407147427}
  - {fileID: 8430291019016511970}
  - {fileID: 2275214554684494728}
  - {fileID: 2004571671311630410}
  - {fileID: 6240553532222669924}
  - {fileID: 1461541553921868844}
  - {fileID: 1436969612836254642}
  - {fileID: 2457755141696990655}
  - {fileID: 2653731262850074942}
  - {fileID: 6331430984102297293}
  - {fileID: 6307838895058631819}
  - {fileID: 1336176799256026433}
  - {fileID: 532340892118183432}
  - {fileID: 8040778918315086534}
  - {fileID: 3552769326861700445}
  - {fileID: 5780719634590252657}
  - {fileID: 4075771619307571560}
  - {fileID: 3465937313557789544}
  - {fileID: 543697214833351327}
  m_Father: {fileID: 0}
  m_LocalEulerAnglesHint: {x: 0, y: 0, z: 0}
--- !u!1001 &317488365550964
PrefabInstance:
  m_ObjectHideFlags: 0
  serializedVersion: 2
  m_Modification:
    serializedVersion: 3
    m_TransformParent: {fileID: 7500529592653948660}
    m_Modifications:
    - target: {fileID: -8679921383154817045, guid: 1b27334e8b369cb42b680c6d2bb922d2, type: 3}
      propertyPath: m_LocalPosition.x
      value: -0.29489517
      objectReference: {fileID: 0}
    - target: {fileID: -8679921383154817045, guid: 1b27334e8b369cb42b680c6d2bb922d2, type: 3}
      propertyPath: m_LocalPosition.y
      value: 0
      objectReference: {fileID: 0}
    - target: {fileID: -8679921383154817045, guid: 1b27334e8b369cb42b680c6d2bb922d2, type: 3}
      propertyPath: m_LocalPosition.z
      value: -1.4841995
      objectReference: {fileID: 0}
    - target: {fileID: -8679921383154817045, guid: 1b27334e8b369cb42b680c6d2bb922d2, type: 3}
      propertyPath: m_LocalRotation.w
      value: 1
      objectReference: {fileID: 0}
    - target: {fileID: -8679921383154817045, guid: 1b27334e8b369cb42b680c6d2bb922d2, type: 3}
      propertyPath: m_LocalRotation.x
      value: -0
      objectReference: {fileID: 0}
    - target: {fileID: -8679921383154817045, guid: 1b27334e8b369cb42b680c6d2bb922d2, type: 3}
      propertyPath: m_LocalRotation.y
      value: -0
      objectReference: {fileID: 0}
    - target: {fileID: -8679921383154817045, guid: 1b27334e8b369cb42b680c6d2bb922d2, type: 3}
      propertyPath: m_LocalRotation.z
      value: -0
      objectReference: {fileID: 0}
    - target: {fileID: -8679921383154817045, guid: 1b27334e8b369cb42b680c6d2bb922d2, type: 3}
      propertyPath: m_LocalEulerAnglesHint.x
      value: 0
      objectReference: {fileID: 0}
    - target: {fileID: -8679921383154817045, guid: 1b27334e8b369cb42b680c6d2bb922d2, type: 3}
      propertyPath: m_LocalEulerAnglesHint.y
      value: 0
      objectReference: {fileID: 0}
    - target: {fileID: -8679921383154817045, guid: 1b27334e8b369cb42b680c6d2bb922d2, type: 3}
      propertyPath: m_LocalEulerAnglesHint.z
      value: 0
      objectReference: {fileID: 0}
    - target: {fileID: -7511558181221131132, guid: 1b27334e8b369cb42b680c6d2bb922d2, type: 3}
      propertyPath: m_Materials.Array.data[0]
      value: 
      objectReference: {fileID: 2100000, guid: 2beb888046897c44db8967abf9d24435, type: 2}
    - target: {fileID: 919132149155446097, guid: 1b27334e8b369cb42b680c6d2bb922d2, type: 3}
      propertyPath: m_Name
      value: Book
      objectReference: {fileID: 0}
    m_RemovedComponents: []
    m_RemovedGameObjects: []
    m_AddedGameObjects: []
    m_AddedComponents: []
  m_SourcePrefab: {fileID: 100100000, guid: 1b27334e8b369cb42b680c6d2bb922d2, type: 3}
--- !u!4 &543697214833351327 stripped
Transform:
  m_CorrespondingSourceObject: {fileID: -8679921383154817045, guid: 1b27334e8b369cb42b680c6d2bb922d2, type: 3}
  m_PrefabInstance: {fileID: 317488365550964}
  m_PrefabAsset: {fileID: 0}
--- !u!1001 &1423921647836013511
PrefabInstance:
  m_ObjectHideFlags: 0
  serializedVersion: 2
  m_Modification:
    serializedVersion: 3
    m_TransformParent: {fileID: 7500529592653948660}
    m_Modifications:
    - target: {fileID: -8679921383154817045, guid: a48ad33b360e19c41bee3816501a580c, type: 3}
      propertyPath: m_LocalPosition.x
      value: 1.2051048
      objectReference: {fileID: 0}
    - target: {fileID: -8679921383154817045, guid: a48ad33b360e19c41bee3816501a580c, type: 3}
      propertyPath: m_LocalPosition.y
      value: 0
      objectReference: {fileID: 0}
    - target: {fileID: -8679921383154817045, guid: a48ad33b360e19c41bee3816501a580c, type: 3}
      propertyPath: m_LocalPosition.z
      value: 0.015800476
      objectReference: {fileID: 0}
    - target: {fileID: -8679921383154817045, guid: a48ad33b360e19c41bee3816501a580c, type: 3}
      propertyPath: m_LocalRotation.w
      value: 1
      objectReference: {fileID: 0}
    - target: {fileID: -8679921383154817045, guid: a48ad33b360e19c41bee3816501a580c, type: 3}
      propertyPath: m_LocalRotation.x
      value: -0
      objectReference: {fileID: 0}
    - target: {fileID: -8679921383154817045, guid: a48ad33b360e19c41bee3816501a580c, type: 3}
      propertyPath: m_LocalRotation.y
      value: -0
      objectReference: {fileID: 0}
    - target: {fileID: -8679921383154817045, guid: a48ad33b360e19c41bee3816501a580c, type: 3}
      propertyPath: m_LocalRotation.z
      value: -0
      objectReference: {fileID: 0}
    - target: {fileID: -8679921383154817045, guid: a48ad33b360e19c41bee3816501a580c, type: 3}
      propertyPath: m_LocalEulerAnglesHint.x
      value: 0
      objectReference: {fileID: 0}
    - target: {fileID: -8679921383154817045, guid: a48ad33b360e19c41bee3816501a580c, type: 3}
      propertyPath: m_LocalEulerAnglesHint.y
      value: 0
      objectReference: {fileID: 0}
    - target: {fileID: -8679921383154817045, guid: a48ad33b360e19c41bee3816501a580c, type: 3}
      propertyPath: m_LocalEulerAnglesHint.z
      value: 0
      objectReference: {fileID: 0}
    - target: {fileID: -7511558181221131132, guid: a48ad33b360e19c41bee3816501a580c, type: 3}
      propertyPath: m_Materials.Array.data[0]
      value: 
      objectReference: {fileID: 2100000, guid: 2beb888046897c44db8967abf9d24435, type: 2}
    - target: {fileID: 919132149155446097, guid: a48ad33b360e19c41bee3816501a580c, type: 3}
      propertyPath: m_Name
      value: Chest_medium_gold
      objectReference: {fileID: 0}
    m_RemovedComponents: []
    m_RemovedGameObjects: []
    m_AddedGameObjects: []
    m_AddedComponents: []
  m_SourcePrefab: {fileID: 100100000, guid: a48ad33b360e19c41bee3816501a580c, type: 3}
--- !u!4 &1461541553921868844 stripped
Transform:
  m_CorrespondingSourceObject: {fileID: -8679921383154817045, guid: a48ad33b360e19c41bee3816501a580c, type: 3}
  m_PrefabInstance: {fileID: 1423921647836013511}
  m_PrefabAsset: {fileID: 0}
--- !u!1001 &1475946212382200921
PrefabInstance:
  m_ObjectHideFlags: 0
  serializedVersion: 2
  m_Modification:
    serializedVersion: 3
    m_TransformParent: {fileID: 7500529592653948660}
    m_Modifications:
    - target: {fileID: -8679921383154817045, guid: 5a15f48cf7e75e8429895f2fe719b8fb, type: 3}
      propertyPath: m_LocalPosition.x
      value: 1.2051048
      objectReference: {fileID: 0}
    - target: {fileID: -8679921383154817045, guid: 5a15f48cf7e75e8429895f2fe719b8fb, type: 3}
      propertyPath: m_LocalPosition.y
      value: 0
      objectReference: {fileID: 0}
    - target: {fileID: -8679921383154817045, guid: 5a15f48cf7e75e8429895f2fe719b8fb, type: 3}
      propertyPath: m_LocalPosition.z
      value: 0.7658005
      objectReference: {fileID: 0}
    - target: {fileID: -8679921383154817045, guid: 5a15f48cf7e75e8429895f2fe719b8fb, type: 3}
      propertyPath: m_LocalRotation.w
      value: 1
      objectReference: {fileID: 0}
    - target: {fileID: -8679921383154817045, guid: 5a15f48cf7e75e8429895f2fe719b8fb, type: 3}
      propertyPath: m_LocalRotation.x
      value: -0
      objectReference: {fileID: 0}
    - target: {fileID: -8679921383154817045, guid: 5a15f48cf7e75e8429895f2fe719b8fb, type: 3}
      propertyPath: m_LocalRotation.y
      value: -0
      objectReference: {fileID: 0}
    - target: {fileID: -8679921383154817045, guid: 5a15f48cf7e75e8429895f2fe719b8fb, type: 3}
      propertyPath: m_LocalRotation.z
      value: -0
      objectReference: {fileID: 0}
    - target: {fileID: -8679921383154817045, guid: 5a15f48cf7e75e8429895f2fe719b8fb, type: 3}
      propertyPath: m_LocalEulerAnglesHint.x
      value: 0
      objectReference: {fileID: 0}
    - target: {fileID: -8679921383154817045, guid: 5a15f48cf7e75e8429895f2fe719b8fb, type: 3}
      propertyPath: m_LocalEulerAnglesHint.y
      value: 0
      objectReference: {fileID: 0}
    - target: {fileID: -8679921383154817045, guid: 5a15f48cf7e75e8429895f2fe719b8fb, type: 3}
      propertyPath: m_LocalEulerAnglesHint.z
      value: 0
      objectReference: {fileID: 0}
    - target: {fileID: -7511558181221131132, guid: 5a15f48cf7e75e8429895f2fe719b8fb, type: 3}
      propertyPath: m_Materials.Array.data[0]
      value: 
      objectReference: {fileID: 2100000, guid: 2beb888046897c44db8967abf9d24435, type: 2}
    - target: {fileID: 919132149155446097, guid: 5a15f48cf7e75e8429895f2fe719b8fb, type: 3}
      propertyPath: m_Name
      value: Chest_medium_Closed
      objectReference: {fileID: 0}
    m_RemovedComponents: []
    m_RemovedGameObjects: []
    m_AddedGameObjects: []
    m_AddedComponents: []
  m_SourcePrefab: {fileID: 100100000, guid: 5a15f48cf7e75e8429895f2fe719b8fb, type: 3}
--- !u!4 &1436969612836254642 stripped
Transform:
  m_CorrespondingSourceObject: {fileID: -8679921383154817045, guid: 5a15f48cf7e75e8429895f2fe719b8fb, type: 3}
  m_PrefabInstance: {fileID: 1475946212382200921}
  m_PrefabAsset: {fileID: 0}
--- !u!1001 &1513689709224360618
PrefabInstance:
  m_ObjectHideFlags: 0
  serializedVersion: 2
  m_Modification:
    serializedVersion: 3
    m_TransformParent: {fileID: 7500529592653948660}
    m_Modifications:
    - target: {fileID: -8679921383154817045, guid: 9485de1033b57c14b9da8e04315f50c9, type: 3}
      propertyPath: m_LocalPosition.x
      value: -1.544899
      objectReference: {fileID: 0}
    - target: {fileID: -8679921383154817045, guid: 9485de1033b57c14b9da8e04315f50c9, type: 3}
      propertyPath: m_LocalPosition.y
      value: 0
      objectReference: {fileID: 0}
    - target: {fileID: -8679921383154817045, guid: 9485de1033b57c14b9da8e04315f50c9, type: 3}
      propertyPath: m_LocalPosition.z
      value: 0.015800476
      objectReference: {fileID: 0}
    - target: {fileID: -8679921383154817045, guid: 9485de1033b57c14b9da8e04315f50c9, type: 3}
      propertyPath: m_LocalRotation.w
      value: 1
      objectReference: {fileID: 0}
    - target: {fileID: -8679921383154817045, guid: 9485de1033b57c14b9da8e04315f50c9, type: 3}
      propertyPath: m_LocalRotation.x
      value: -0
      objectReference: {fileID: 0}
    - target: {fileID: -8679921383154817045, guid: 9485de1033b57c14b9da8e04315f50c9, type: 3}
      propertyPath: m_LocalRotation.y
      value: -0
      objectReference: {fileID: 0}
    - target: {fileID: -8679921383154817045, guid: 9485de1033b57c14b9da8e04315f50c9, type: 3}
      propertyPath: m_LocalRotation.z
      value: -0
      objectReference: {fileID: 0}
    - target: {fileID: -8679921383154817045, guid: 9485de1033b57c14b9da8e04315f50c9, type: 3}
      propertyPath: m_LocalEulerAnglesHint.x
      value: 0
      objectReference: {fileID: 0}
    - target: {fileID: -8679921383154817045, guid: 9485de1033b57c14b9da8e04315f50c9, type: 3}
      propertyPath: m_LocalEulerAnglesHint.y
      value: 0
      objectReference: {fileID: 0}
    - target: {fileID: -8679921383154817045, guid: 9485de1033b57c14b9da8e04315f50c9, type: 3}
      propertyPath: m_LocalEulerAnglesHint.z
      value: 0
      objectReference: {fileID: 0}
    - target: {fileID: -7511558181221131132, guid: 9485de1033b57c14b9da8e04315f50c9, type: 3}
      propertyPath: m_Materials.Array.data[0]
      value: 
      objectReference: {fileID: 2100000, guid: 2beb888046897c44db8967abf9d24435, type: 2}
    - target: {fileID: 919132149155446097, guid: 9485de1033b57c14b9da8e04315f50c9, type: 3}
      propertyPath: m_Name
      value: Chest_Big
      objectReference: {fileID: 0}
    m_RemovedComponents: []
    m_RemovedGameObjects: []
    m_AddedGameObjects: []
    m_AddedComponents: []
  m_SourcePrefab: {fileID: 100100000, guid: 9485de1033b57c14b9da8e04315f50c9, type: 3}
--- !u!4 &1336176799256026433 stripped
Transform:
  m_CorrespondingSourceObject: {fileID: -8679921383154817045, guid: 9485de1033b57c14b9da8e04315f50c9, type: 3}
  m_PrefabInstance: {fileID: 1513689709224360618}
  m_PrefabAsset: {fileID: 0}
--- !u!1001 &1736585055737345123
PrefabInstance:
  m_ObjectHideFlags: 0
  serializedVersion: 2
  m_Modification:
    serializedVersion: 3
    m_TransformParent: {fileID: 7500529592653948660}
    m_Modifications:
    - target: {fileID: -8679921383154817045, guid: e4827646a00dc1f44b0497d6383323f2, type: 3}
      propertyPath: m_LocalPosition.x
      value: 2.7051048
      objectReference: {fileID: 0}
    - target: {fileID: -8679921383154817045, guid: e4827646a00dc1f44b0497d6383323f2, type: 3}
      propertyPath: m_LocalPosition.y
      value: 0
      objectReference: {fileID: 0}
    - target: {fileID: -8679921383154817045, guid: e4827646a00dc1f44b0497d6383323f2, type: 3}
      propertyPath: m_LocalPosition.z
      value: -1.4841995
      objectReference: {fileID: 0}
    - target: {fileID: -8679921383154817045, guid: e4827646a00dc1f44b0497d6383323f2, type: 3}
      propertyPath: m_LocalRotation.w
      value: 1
      objectReference: {fileID: 0}
    - target: {fileID: -8679921383154817045, guid: e4827646a00dc1f44b0497d6383323f2, type: 3}
      propertyPath: m_LocalRotation.x
      value: -0
      objectReference: {fileID: 0}
    - target: {fileID: -8679921383154817045, guid: e4827646a00dc1f44b0497d6383323f2, type: 3}
      propertyPath: m_LocalRotation.y
      value: -0
      objectReference: {fileID: 0}
    - target: {fileID: -8679921383154817045, guid: e4827646a00dc1f44b0497d6383323f2, type: 3}
      propertyPath: m_LocalRotation.z
      value: -0
      objectReference: {fileID: 0}
    - target: {fileID: -8679921383154817045, guid: e4827646a00dc1f44b0497d6383323f2, type: 3}
      propertyPath: m_LocalEulerAnglesHint.x
      value: 0
      objectReference: {fileID: 0}
    - target: {fileID: -8679921383154817045, guid: e4827646a00dc1f44b0497d6383323f2, type: 3}
      propertyPath: m_LocalEulerAnglesHint.y
      value: 0
      objectReference: {fileID: 0}
    - target: {fileID: -8679921383154817045, guid: e4827646a00dc1f44b0497d6383323f2, type: 3}
      propertyPath: m_LocalEulerAnglesHint.z
      value: 0
      objectReference: {fileID: 0}
    - target: {fileID: -7511558181221131132, guid: e4827646a00dc1f44b0497d6383323f2, type: 3}
      propertyPath: m_Materials.Array.data[0]
      value: 
      objectReference: {fileID: 2100000, guid: 2beb888046897c44db8967abf9d24435, type: 2}
    - target: {fileID: 919132149155446097, guid: e4827646a00dc1f44b0497d6383323f2, type: 3}
      propertyPath: m_Name
      value: Dungeon_Tilemap_Stone
      objectReference: {fileID: 0}
    m_RemovedComponents: []
    m_RemovedGameObjects: []
    m_AddedGameObjects: []
    m_AddedComponents: []
  m_SourcePrefab: {fileID: 100100000, guid: e4827646a00dc1f44b0497d6383323f2, type: 3}
--- !u!4 &2275214554684494728 stripped
Transform:
  m_CorrespondingSourceObject: {fileID: -8679921383154817045, guid: e4827646a00dc1f44b0497d6383323f2, type: 3}
  m_PrefabInstance: {fileID: 1736585055737345123}
  m_PrefabAsset: {fileID: 0}
--- !u!1001 &2043246840524711841
PrefabInstance:
  m_ObjectHideFlags: 0
  serializedVersion: 2
  m_Modification:
    serializedVersion: 3
    m_TransformParent: {fileID: 7500529592653948660}
    m_Modifications:
    - target: {fileID: -8679921383154817045, guid: c725e22c59233ec4da5c99b2e4e78e4c, type: 3}
      propertyPath: m_LocalPosition.x
      value: 2.9551048
      objectReference: {fileID: 0}
    - target: {fileID: -8679921383154817045, guid: c725e22c59233ec4da5c99b2e4e78e4c, type: 3}
      propertyPath: m_LocalPosition.y
      value: 0
      objectReference: {fileID: 0}
    - target: {fileID: -8679921383154817045, guid: c725e22c59233ec4da5c99b2e4e78e4c, type: 3}
      propertyPath: m_LocalPosition.z
      value: 0.26580048
      objectReference: {fileID: 0}
    - target: {fileID: -8679921383154817045, guid: c725e22c59233ec4da5c99b2e4e78e4c, type: 3}
      propertyPath: m_LocalRotation.w
      value: 1
      objectReference: {fileID: 0}
    - target: {fileID: -8679921383154817045, guid: c725e22c59233ec4da5c99b2e4e78e4c, type: 3}
      propertyPath: m_LocalRotation.x
      value: -0
      objectReference: {fileID: 0}
    - target: {fileID: -8679921383154817045, guid: c725e22c59233ec4da5c99b2e4e78e4c, type: 3}
      propertyPath: m_LocalRotation.y
      value: -0
      objectReference: {fileID: 0}
    - target: {fileID: -8679921383154817045, guid: c725e22c59233ec4da5c99b2e4e78e4c, type: 3}
      propertyPath: m_LocalRotation.z
      value: -0
      objectReference: {fileID: 0}
    - target: {fileID: -8679921383154817045, guid: c725e22c59233ec4da5c99b2e4e78e4c, type: 3}
      propertyPath: m_LocalEulerAnglesHint.x
      value: 0
      objectReference: {fileID: 0}
    - target: {fileID: -8679921383154817045, guid: c725e22c59233ec4da5c99b2e4e78e4c, type: 3}
      propertyPath: m_LocalEulerAnglesHint.y
      value: 0
      objectReference: {fileID: 0}
    - target: {fileID: -8679921383154817045, guid: c725e22c59233ec4da5c99b2e4e78e4c, type: 3}
      propertyPath: m_LocalEulerAnglesHint.z
      value: 0
      objectReference: {fileID: 0}
    - target: {fileID: -7511558181221131132, guid: c725e22c59233ec4da5c99b2e4e78e4c, type: 3}
      propertyPath: m_Materials.Array.data[0]
      value: 
      objectReference: {fileID: 2100000, guid: 2beb888046897c44db8967abf9d24435, type: 2}
    - target: {fileID: 919132149155446097, guid: c725e22c59233ec4da5c99b2e4e78e4c, type: 3}
      propertyPath: m_Name
      value: Crate
      objectReference: {fileID: 0}
    m_RemovedComponents: []
    m_RemovedGameObjects: []
    m_AddedGameObjects: []
    m_AddedComponents: []
  m_SourcePrefab: {fileID: 100100000, guid: c725e22c59233ec4da5c99b2e4e78e4c, type: 3}
--- !u!4 &2004571671311630410 stripped
Transform:
  m_CorrespondingSourceObject: {fileID: -8679921383154817045, guid: c725e22c59233ec4da5c99b2e4e78e4c, type: 3}
  m_PrefabInstance: {fileID: 2043246840524711841}
  m_PrefabAsset: {fileID: 0}
--- !u!1001 &2547150607764582101
PrefabInstance:
  m_ObjectHideFlags: 0
  serializedVersion: 2
  m_Modification:
    serializedVersion: 3
    m_TransformParent: {fileID: 7500529592653948660}
    m_Modifications:
    - target: {fileID: -8679921383154817045, guid: 46098532a31b56a4cb7421d991033e22, type: 3}
      propertyPath: m_LocalPosition.x
      value: -1.544899
      objectReference: {fileID: 0}
    - target: {fileID: -8679921383154817045, guid: 46098532a31b56a4cb7421d991033e22, type: 3}
      propertyPath: m_LocalPosition.y
      value: 1.25
      objectReference: {fileID: 0}
    - target: {fileID: -8679921383154817045, guid: 46098532a31b56a4cb7421d991033e22, type: 3}
      propertyPath: m_LocalPosition.z
      value: -0.23419952
      objectReference: {fileID: 0}
    - target: {fileID: -8679921383154817045, guid: 46098532a31b56a4cb7421d991033e22, type: 3}
      propertyPath: m_LocalRotation.w
      value: 1
      objectReference: {fileID: 0}
    - target: {fileID: -8679921383154817045, guid: 46098532a31b56a4cb7421d991033e22, type: 3}
      propertyPath: m_LocalRotation.x
      value: -0
      objectReference: {fileID: 0}
    - target: {fileID: -8679921383154817045, guid: 46098532a31b56a4cb7421d991033e22, type: 3}
      propertyPath: m_LocalRotation.y
      value: -0
      objectReference: {fileID: 0}
    - target: {fileID: -8679921383154817045, guid: 46098532a31b56a4cb7421d991033e22, type: 3}
      propertyPath: m_LocalRotation.z
      value: -0
      objectReference: {fileID: 0}
    - target: {fileID: -8679921383154817045, guid: 46098532a31b56a4cb7421d991033e22, type: 3}
      propertyPath: m_LocalEulerAnglesHint.x
      value: 0
      objectReference: {fileID: 0}
    - target: {fileID: -8679921383154817045, guid: 46098532a31b56a4cb7421d991033e22, type: 3}
      propertyPath: m_LocalEulerAnglesHint.y
      value: 0
      objectReference: {fileID: 0}
    - target: {fileID: -8679921383154817045, guid: 46098532a31b56a4cb7421d991033e22, type: 3}
      propertyPath: m_LocalEulerAnglesHint.z
      value: 0
      objectReference: {fileID: 0}
    - target: {fileID: -7511558181221131132, guid: 46098532a31b56a4cb7421d991033e22, type: 3}
      propertyPath: m_Materials.Array.data[0]
      value: 
      objectReference: {fileID: 2100000, guid: 2beb888046897c44db8967abf9d24435, type: 2}
    - target: {fileID: 919132149155446097, guid: 46098532a31b56a4cb7421d991033e22, type: 3}
      propertyPath: m_Name
      value: Chest_Big_Lid
      objectReference: {fileID: 0}
    m_RemovedComponents: []
    m_RemovedGameObjects: []
    m_AddedGameObjects: []
    m_AddedComponents: []
  m_SourcePrefab: {fileID: 100100000, guid: 46098532a31b56a4cb7421d991033e22, type: 3}
--- !u!4 &2653731262850074942 stripped
Transform:
  m_CorrespondingSourceObject: {fileID: -8679921383154817045, guid: 46098532a31b56a4cb7421d991033e22, type: 3}
  m_PrefabInstance: {fileID: 2547150607764582101}
  m_PrefabAsset: {fileID: 0}
--- !u!1001 &2706956099193424468
PrefabInstance:
  m_ObjectHideFlags: 0
  serializedVersion: 2
  m_Modification:
    serializedVersion: 3
    m_TransformParent: {fileID: 7500529592653948660}
    m_Modifications:
    - target: {fileID: -8679921383154817045, guid: 5427e2ad7dedbeb4ea09accde67b45a7, type: 3}
      propertyPath: m_LocalPosition.x
      value: -0.044895172
      objectReference: {fileID: 0}
    - target: {fileID: -8679921383154817045, guid: 5427e2ad7dedbeb4ea09accde67b45a7, type: 3}
      propertyPath: m_LocalPosition.y
      value: 0
      objectReference: {fileID: 0}
    - target: {fileID: -8679921383154817045, guid: 5427e2ad7dedbeb4ea09accde67b45a7, type: 3}
      propertyPath: m_LocalPosition.z
      value: 0.015800476
      objectReference: {fileID: 0}
    - target: {fileID: -8679921383154817045, guid: 5427e2ad7dedbeb4ea09accde67b45a7, type: 3}
      propertyPath: m_LocalRotation.w
      value: 1
      objectReference: {fileID: 0}
    - target: {fileID: -8679921383154817045, guid: 5427e2ad7dedbeb4ea09accde67b45a7, type: 3}
      propertyPath: m_LocalRotation.x
      value: -0
      objectReference: {fileID: 0}
    - target: {fileID: -8679921383154817045, guid: 5427e2ad7dedbeb4ea09accde67b45a7, type: 3}
      propertyPath: m_LocalRotation.y
      value: -0
      objectReference: {fileID: 0}
    - target: {fileID: -8679921383154817045, guid: 5427e2ad7dedbeb4ea09accde67b45a7, type: 3}
      propertyPath: m_LocalRotation.z
      value: -0
      objectReference: {fileID: 0}
    - target: {fileID: -8679921383154817045, guid: 5427e2ad7dedbeb4ea09accde67b45a7, type: 3}
      propertyPath: m_LocalEulerAnglesHint.x
      value: 0
      objectReference: {fileID: 0}
    - target: {fileID: -8679921383154817045, guid: 5427e2ad7dedbeb4ea09accde67b45a7, type: 3}
      propertyPath: m_LocalEulerAnglesHint.y
      value: 0
      objectReference: {fileID: 0}
    - target: {fileID: -8679921383154817045, guid: 5427e2ad7dedbeb4ea09accde67b45a7, type: 3}
      propertyPath: m_LocalEulerAnglesHint.z
      value: 0
      objectReference: {fileID: 0}
    - target: {fileID: -7511558181221131132, guid: 5427e2ad7dedbeb4ea09accde67b45a7, type: 3}
      propertyPath: m_Materials.Array.data[0]
      value: 
      objectReference: {fileID: 2100000, guid: 2beb888046897c44db8967abf9d24435, type: 2}
    - target: {fileID: 919132149155446097, guid: 5427e2ad7dedbeb4ea09accde67b45a7, type: 3}
      propertyPath: m_Name
      value: Chest_medium
      objectReference: {fileID: 0}
    m_RemovedComponents: []
    m_RemovedGameObjects: []
    m_AddedGameObjects: []
    m_AddedComponents: []
  m_SourcePrefab: {fileID: 100100000, guid: 5427e2ad7dedbeb4ea09accde67b45a7, type: 3}
--- !u!4 &2457755141696990655 stripped
Transform:
  m_CorrespondingSourceObject: {fileID: -8679921383154817045, guid: 5427e2ad7dedbeb4ea09accde67b45a7, type: 3}
  m_PrefabInstance: {fileID: 2706956099193424468}
  m_PrefabAsset: {fileID: 0}
--- !u!1001 &3099393194714485379
PrefabInstance:
  m_ObjectHideFlags: 0
  serializedVersion: 2
  m_Modification:
    serializedVersion: 3
    m_TransformParent: {fileID: 7500529592653948660}
    m_Modifications:
    - target: {fileID: -8679921383154817045, guid: 8e0d5d3b2a6357845a087fffc86c5cae, type: 3}
      propertyPath: m_LocalPosition.x
      value: 0.9551048
      objectReference: {fileID: 0}
    - target: {fileID: -8679921383154817045, guid: 8e0d5d3b2a6357845a087fffc86c5cae, type: 3}
      propertyPath: m_LocalPosition.y
      value: 0
      objectReference: {fileID: 0}
    - target: {fileID: -8679921383154817045, guid: 8e0d5d3b2a6357845a087fffc86c5cae, type: 3}
      propertyPath: m_LocalPosition.z
      value: -0.9841995
      objectReference: {fileID: 0}
    - target: {fileID: -8679921383154817045, guid: 8e0d5d3b2a6357845a087fffc86c5cae, type: 3}
      propertyPath: m_LocalRotation.w
      value: 1
      objectReference: {fileID: 0}
    - target: {fileID: -8679921383154817045, guid: 8e0d5d3b2a6357845a087fffc86c5cae, type: 3}
      propertyPath: m_LocalRotation.x
      value: -0
      objectReference: {fileID: 0}
    - target: {fileID: -8679921383154817045, guid: 8e0d5d3b2a6357845a087fffc86c5cae, type: 3}
      propertyPath: m_LocalRotation.y
      value: -0
      objectReference: {fileID: 0}
    - target: {fileID: -8679921383154817045, guid: 8e0d5d3b2a6357845a087fffc86c5cae, type: 3}
      propertyPath: m_LocalRotation.z
      value: -0
      objectReference: {fileID: 0}
    - target: {fileID: -8679921383154817045, guid: 8e0d5d3b2a6357845a087fffc86c5cae, type: 3}
      propertyPath: m_LocalEulerAnglesHint.x
      value: 0
      objectReference: {fileID: 0}
    - target: {fileID: -8679921383154817045, guid: 8e0d5d3b2a6357845a087fffc86c5cae, type: 3}
      propertyPath: m_LocalEulerAnglesHint.y
      value: 0
      objectReference: {fileID: 0}
    - target: {fileID: -8679921383154817045, guid: 8e0d5d3b2a6357845a087fffc86c5cae, type: 3}
      propertyPath: m_LocalEulerAnglesHint.z
      value: 0
      objectReference: {fileID: 0}
    - target: {fileID: -7511558181221131132, guid: 8e0d5d3b2a6357845a087fffc86c5cae, type: 3}
      propertyPath: m_Materials.Array.data[0]
      value: 
      objectReference: {fileID: 2100000, guid: 2beb888046897c44db8967abf9d24435, type: 2}
    - target: {fileID: 919132149155446097, guid: 8e0d5d3b2a6357845a087fffc86c5cae, type: 3}
      propertyPath: m_Name
      value: Wall_Chain
      objectReference: {fileID: 0}
    m_RemovedComponents: []
    m_RemovedGameObjects: []
    m_AddedGameObjects: []
    m_AddedComponents: []
  m_SourcePrefab: {fileID: 100100000, guid: 8e0d5d3b2a6357845a087fffc86c5cae, type: 3}
--- !u!4 &3209369768973120872 stripped
Transform:
  m_CorrespondingSourceObject: {fileID: -8679921383154817045, guid: 8e0d5d3b2a6357845a087fffc86c5cae, type: 3}
  m_PrefabInstance: {fileID: 3099393194714485379}
  m_PrefabAsset: {fileID: 0}
--- !u!1001 &3877249201980276808
PrefabInstance:
  m_ObjectHideFlags: 0
  serializedVersion: 2
  m_Modification:
    serializedVersion: 3
    m_TransformParent: {fileID: 7500529592653948660}
    m_Modifications:
    - target: {fileID: -8679921383154817045, guid: 6248430d47ecb1f4fbf43526c27848c0, type: 3}
      propertyPath: m_LocalPosition.x
      value: 3.4551048
      objectReference: {fileID: 0}
    - target: {fileID: -8679921383154817045, guid: 6248430d47ecb1f4fbf43526c27848c0, type: 3}
      propertyPath: m_LocalPosition.y
      value: 0
      objectReference: {fileID: 0}
    - target: {fileID: -8679921383154817045, guid: 6248430d47ecb1f4fbf43526c27848c0, type: 3}
      propertyPath: m_LocalPosition.z
      value: -1.4841995
      objectReference: {fileID: 0}
    - target: {fileID: -8679921383154817045, guid: 6248430d47ecb1f4fbf43526c27848c0, type: 3}
      propertyPath: m_LocalRotation.w
      value: 1
      objectReference: {fileID: 0}
    - target: {fileID: -8679921383154817045, guid: 6248430d47ecb1f4fbf43526c27848c0, type: 3}
      propertyPath: m_LocalRotation.x
      value: -0
      objectReference: {fileID: 0}
    - target: {fileID: -8679921383154817045, guid: 6248430d47ecb1f4fbf43526c27848c0, type: 3}
      propertyPath: m_LocalRotation.y
      value: -0
      objectReference: {fileID: 0}
    - target: {fileID: -8679921383154817045, guid: 6248430d47ecb1f4fbf43526c27848c0, type: 3}
      propertyPath: m_LocalRotation.z
      value: -0
      objectReference: {fileID: 0}
    - target: {fileID: -8679921383154817045, guid: 6248430d47ecb1f4fbf43526c27848c0, type: 3}
      propertyPath: m_LocalEulerAnglesHint.x
      value: 0
      objectReference: {fileID: 0}
    - target: {fileID: -8679921383154817045, guid: 6248430d47ecb1f4fbf43526c27848c0, type: 3}
      propertyPath: m_LocalEulerAnglesHint.y
      value: 0
      objectReference: {fileID: 0}
    - target: {fileID: -8679921383154817045, guid: 6248430d47ecb1f4fbf43526c27848c0, type: 3}
      propertyPath: m_LocalEulerAnglesHint.z
      value: 0
      objectReference: {fileID: 0}
    - target: {fileID: -7511558181221131132, guid: 6248430d47ecb1f4fbf43526c27848c0, type: 3}
      propertyPath: m_Materials.Array.data[0]
      value: 
      objectReference: {fileID: 2100000, guid: 2beb888046897c44db8967abf9d24435, type: 2}
    - target: {fileID: 919132149155446097, guid: 6248430d47ecb1f4fbf43526c27848c0, type: 3}
      propertyPath: m_Name
      value: Pillar_2
      objectReference: {fileID: 0}
    m_RemovedComponents: []
    m_RemovedGameObjects: []
    m_AddedGameObjects: []
    m_AddedComponents: []
  m_SourcePrefab: {fileID: 100100000, guid: 6248430d47ecb1f4fbf43526c27848c0, type: 3}
--- !u!4 &3622152930407147427 stripped
Transform:
  m_CorrespondingSourceObject: {fileID: -8679921383154817045, guid: 6248430d47ecb1f4fbf43526c27848c0, type: 3}
  m_PrefabInstance: {fileID: 3877249201980276808}
  m_PrefabAsset: {fileID: 0}
--- !u!1001 &3947195738274114230
PrefabInstance:
  m_ObjectHideFlags: 0
  serializedVersion: 2
  m_Modification:
    serializedVersion: 3
    m_TransformParent: {fileID: 7500529592653948660}
    m_Modifications:
    - target: {fileID: -8679921383154817045, guid: e87e05c776aad264bb2d546a1d220e64, type: 3}
      propertyPath: m_LocalPosition.x
      value: 0.9551048
      objectReference: {fileID: 0}
    - target: {fileID: -8679921383154817045, guid: e87e05c776aad264bb2d546a1d220e64, type: 3}
      propertyPath: m_LocalPosition.y
      value: 0
      objectReference: {fileID: 0}
    - target: {fileID: -8679921383154817045, guid: e87e05c776aad264bb2d546a1d220e64, type: 3}
      propertyPath: m_LocalPosition.z
      value: -0.7341995
      objectReference: {fileID: 0}
    - target: {fileID: -8679921383154817045, guid: e87e05c776aad264bb2d546a1d220e64, type: 3}
      propertyPath: m_LocalRotation.w
      value: 1
      objectReference: {fileID: 0}
    - target: {fileID: -8679921383154817045, guid: e87e05c776aad264bb2d546a1d220e64, type: 3}
      propertyPath: m_LocalRotation.x
      value: -0
      objectReference: {fileID: 0}
    - target: {fileID: -8679921383154817045, guid: e87e05c776aad264bb2d546a1d220e64, type: 3}
      propertyPath: m_LocalRotation.y
      value: -0
      objectReference: {fileID: 0}
    - target: {fileID: -8679921383154817045, guid: e87e05c776aad264bb2d546a1d220e64, type: 3}
      propertyPath: m_LocalRotation.z
      value: -0
      objectReference: {fileID: 0}
    - target: {fileID: -8679921383154817045, guid: e87e05c776aad264bb2d546a1d220e64, type: 3}
      propertyPath: m_LocalEulerAnglesHint.x
      value: 0
      objectReference: {fileID: 0}
    - target: {fileID: -8679921383154817045, guid: e87e05c776aad264bb2d546a1d220e64, type: 3}
      propertyPath: m_LocalEulerAnglesHint.y
      value: 0
      objectReference: {fileID: 0}
    - target: {fileID: -8679921383154817045, guid: e87e05c776aad264bb2d546a1d220e64, type: 3}
      propertyPath: m_LocalEulerAnglesHint.z
      value: 0
      objectReference: {fileID: 0}
    - target: {fileID: -7511558181221131132, guid: e87e05c776aad264bb2d546a1d220e64, type: 3}
      propertyPath: m_Materials.Array.data[0]
      value: 
      objectReference: {fileID: 2100000, guid: 2beb888046897c44db8967abf9d24435, type: 2}
    - target: {fileID: 919132149155446097, guid: e87e05c776aad264bb2d546a1d220e64, type: 3}
      propertyPath: m_Name
      value: Candle_2
      objectReference: {fileID: 0}
    m_RemovedComponents: []
    m_RemovedGameObjects: []
    m_AddedGameObjects: []
    m_AddedComponents: []
  m_SourcePrefab: {fileID: 100100000, guid: e87e05c776aad264bb2d546a1d220e64, type: 3}
--- !u!4 &3552769326861700445 stripped
Transform:
  m_CorrespondingSourceObject: {fileID: -8679921383154817045, guid: e87e05c776aad264bb2d546a1d220e64, type: 3}
  m_PrefabInstance: {fileID: 3947195738274114230}
  m_PrefabAsset: {fileID: 0}
--- !u!1001 &4004758773521407107
PrefabInstance:
  m_ObjectHideFlags: 0
  serializedVersion: 2
  m_Modification:
    serializedVersion: 3
    m_TransformParent: {fileID: 7500529592653948660}
    m_Modifications:
    - target: {fileID: -8679921383154817045, guid: 8c5458ba8d81e4e438310db21cef7f54, type: 3}
      propertyPath: m_LocalPosition.x
      value: 0.20510483
      objectReference: {fileID: 0}
    - target: {fileID: -8679921383154817045, guid: 8c5458ba8d81e4e438310db21cef7f54, type: 3}
      propertyPath: m_LocalPosition.y
      value: 0
      objectReference: {fileID: 0}
    - target: {fileID: -8679921383154817045, guid: 8c5458ba8d81e4e438310db21cef7f54, type: 3}
      propertyPath: m_LocalPosition.z
      value: -1.4841995
      objectReference: {fileID: 0}
    - target: {fileID: -8679921383154817045, guid: 8c5458ba8d81e4e438310db21cef7f54, type: 3}
      propertyPath: m_LocalRotation.w
      value: 1
      objectReference: {fileID: 0}
    - target: {fileID: -8679921383154817045, guid: 8c5458ba8d81e4e438310db21cef7f54, type: 3}
      propertyPath: m_LocalRotation.x
      value: -0
      objectReference: {fileID: 0}
    - target: {fileID: -8679921383154817045, guid: 8c5458ba8d81e4e438310db21cef7f54, type: 3}
      propertyPath: m_LocalRotation.y
      value: -0
      objectReference: {fileID: 0}
    - target: {fileID: -8679921383154817045, guid: 8c5458ba8d81e4e438310db21cef7f54, type: 3}
      propertyPath: m_LocalRotation.z
      value: -0
      objectReference: {fileID: 0}
    - target: {fileID: -8679921383154817045, guid: 8c5458ba8d81e4e438310db21cef7f54, type: 3}
      propertyPath: m_LocalEulerAnglesHint.x
      value: 0
      objectReference: {fileID: 0}
    - target: {fileID: -8679921383154817045, guid: 8c5458ba8d81e4e438310db21cef7f54, type: 3}
      propertyPath: m_LocalEulerAnglesHint.y
      value: 0
      objectReference: {fileID: 0}
    - target: {fileID: -8679921383154817045, guid: 8c5458ba8d81e4e438310db21cef7f54, type: 3}
      propertyPath: m_LocalEulerAnglesHint.z
      value: 0
      objectReference: {fileID: 0}
    - target: {fileID: -7511558181221131132, guid: 8c5458ba8d81e4e438310db21cef7f54, type: 3}
      propertyPath: m_Materials.Array.data[0]
      value: 
      objectReference: {fileID: 2100000, guid: 2beb888046897c44db8967abf9d24435, type: 2}
    - target: {fileID: 919132149155446097, guid: 8c5458ba8d81e4e438310db21cef7f54, type: 3}
      propertyPath: m_Name
      value: Bottle
      objectReference: {fileID: 0}
    m_RemovedComponents: []
    m_RemovedGameObjects: []
    m_AddedGameObjects: []
    m_AddedComponents: []
  m_SourcePrefab: {fileID: 100100000, guid: 8c5458ba8d81e4e438310db21cef7f54, type: 3}
--- !u!4 &3465937313557789544 stripped
Transform:
  m_CorrespondingSourceObject: {fileID: -8679921383154817045, guid: 8c5458ba8d81e4e438310db21cef7f54, type: 3}
  m_PrefabInstance: {fileID: 4004758773521407107}
  m_PrefabAsset: {fileID: 0}
--- !u!1001 &4547146665803329155
PrefabInstance:
  m_ObjectHideFlags: 0
  serializedVersion: 2
  m_Modification:
    serializedVersion: 3
    m_TransformParent: {fileID: 7500529592653948660}
    m_Modifications:
    - target: {fileID: -8679921383154817045, guid: 903f9af724e965040b1b72331f14e182, type: 3}
      propertyPath: m_LocalPosition.x
      value: 0.7051048
      objectReference: {fileID: 0}
    - target: {fileID: -8679921383154817045, guid: 903f9af724e965040b1b72331f14e182, type: 3}
      propertyPath: m_LocalPosition.y
      value: 0
      objectReference: {fileID: 0}
    - target: {fileID: -8679921383154817045, guid: 903f9af724e965040b1b72331f14e182, type: 3}
      propertyPath: m_LocalPosition.z
      value: -1.4841995
      objectReference: {fileID: 0}
    - target: {fileID: -8679921383154817045, guid: 903f9af724e965040b1b72331f14e182, type: 3}
      propertyPath: m_LocalRotation.w
      value: 1
      objectReference: {fileID: 0}
    - target: {fileID: -8679921383154817045, guid: 903f9af724e965040b1b72331f14e182, type: 3}
      propertyPath: m_LocalRotation.x
      value: -0
      objectReference: {fileID: 0}
    - target: {fileID: -8679921383154817045, guid: 903f9af724e965040b1b72331f14e182, type: 3}
      propertyPath: m_LocalRotation.y
      value: -0
      objectReference: {fileID: 0}
    - target: {fileID: -8679921383154817045, guid: 903f9af724e965040b1b72331f14e182, type: 3}
      propertyPath: m_LocalRotation.z
      value: -0
      objectReference: {fileID: 0}
    - target: {fileID: -8679921383154817045, guid: 903f9af724e965040b1b72331f14e182, type: 3}
      propertyPath: m_LocalEulerAnglesHint.x
      value: 0
      objectReference: {fileID: 0}
    - target: {fileID: -8679921383154817045, guid: 903f9af724e965040b1b72331f14e182, type: 3}
      propertyPath: m_LocalEulerAnglesHint.y
      value: 0
      objectReference: {fileID: 0}
    - target: {fileID: -8679921383154817045, guid: 903f9af724e965040b1b72331f14e182, type: 3}
      propertyPath: m_LocalEulerAnglesHint.z
      value: 0
      objectReference: {fileID: 0}
    - target: {fileID: -7511558181221131132, guid: 903f9af724e965040b1b72331f14e182, type: 3}
      propertyPath: m_Materials.Array.data[0]
      value: 
      objectReference: {fileID: 2100000, guid: 2beb888046897c44db8967abf9d24435, type: 2}
    - target: {fileID: 919132149155446097, guid: 903f9af724e965040b1b72331f14e182, type: 3}
      propertyPath: m_Name
      value: Bottle 2
      objectReference: {fileID: 0}
    m_RemovedComponents: []
    m_RemovedGameObjects: []
    m_AddedGameObjects: []
    m_AddedComponents: []
  m_SourcePrefab: {fileID: 100100000, guid: 903f9af724e965040b1b72331f14e182, type: 3}
--- !u!4 &4075771619307571560 stripped
Transform:
  m_CorrespondingSourceObject: {fileID: -8679921383154817045, guid: 903f9af724e965040b1b72331f14e182, type: 3}
  m_PrefabInstance: {fileID: 4547146665803329155}
  m_PrefabAsset: {fileID: 0}
--- !u!1001 &4564327520697527607
PrefabInstance:
  m_ObjectHideFlags: 0
  serializedVersion: 2
  m_Modification:
    serializedVersion: 3
    m_TransformParent: {fileID: 7500529592653948660}
    m_Modifications:
    - target: {fileID: -8679921383154817045, guid: 9c8c1a7051c19ce46bf4b0ec96e0373b, type: 3}
      propertyPath: m_LocalPosition.x
      value: 1.9551048
      objectReference: {fileID: 0}
    - target: {fileID: -8679921383154817045, guid: 9c8c1a7051c19ce46bf4b0ec96e0373b, type: 3}
      propertyPath: m_LocalPosition.y
      value: 0
      objectReference: {fileID: 0}
    - target: {fileID: -8679921383154817045, guid: 9c8c1a7051c19ce46bf4b0ec96e0373b, type: 3}
      propertyPath: m_LocalPosition.z
      value: -0.9841995
      objectReference: {fileID: 0}
    - target: {fileID: -8679921383154817045, guid: 9c8c1a7051c19ce46bf4b0ec96e0373b, type: 3}
      propertyPath: m_LocalRotation.w
      value: 1
      objectReference: {fileID: 0}
    - target: {fileID: -8679921383154817045, guid: 9c8c1a7051c19ce46bf4b0ec96e0373b, type: 3}
      propertyPath: m_LocalRotation.x
      value: -0
      objectReference: {fileID: 0}
    - target: {fileID: -8679921383154817045, guid: 9c8c1a7051c19ce46bf4b0ec96e0373b, type: 3}
      propertyPath: m_LocalRotation.y
      value: -0
      objectReference: {fileID: 0}
    - target: {fileID: -8679921383154817045, guid: 9c8c1a7051c19ce46bf4b0ec96e0373b, type: 3}
      propertyPath: m_LocalRotation.z
      value: -0
      objectReference: {fileID: 0}
    - target: {fileID: -8679921383154817045, guid: 9c8c1a7051c19ce46bf4b0ec96e0373b, type: 3}
      propertyPath: m_LocalEulerAnglesHint.x
      value: 0
      objectReference: {fileID: 0}
    - target: {fileID: -8679921383154817045, guid: 9c8c1a7051c19ce46bf4b0ec96e0373b, type: 3}
      propertyPath: m_LocalEulerAnglesHint.y
      value: 0
      objectReference: {fileID: 0}
    - target: {fileID: -8679921383154817045, guid: 9c8c1a7051c19ce46bf4b0ec96e0373b, type: 3}
      propertyPath: m_LocalEulerAnglesHint.z
      value: 0
      objectReference: {fileID: 0}
    - target: {fileID: -7511558181221131132, guid: 9c8c1a7051c19ce46bf4b0ec96e0373b, type: 3}
      propertyPath: m_Materials.Array.data[0]
      value: 
      objectReference: {fileID: 2100000, guid: 2beb888046897c44db8967abf9d24435, type: 2}
    - target: {fileID: 919132149155446097, guid: 9c8c1a7051c19ce46bf4b0ec96e0373b, type: 3}
      propertyPath: m_Name
      value: Torch
      objectReference: {fileID: 0}
    m_RemovedComponents: []
    m_RemovedGameObjects: []
    m_AddedGameObjects: []
    m_AddedComponents: []
  m_SourcePrefab: {fileID: 100100000, guid: 9c8c1a7051c19ce46bf4b0ec96e0373b, type: 3}
--- !u!4 &4097438722156022492 stripped
Transform:
  m_CorrespondingSourceObject: {fileID: -8679921383154817045, guid: 9c8c1a7051c19ce46bf4b0ec96e0373b, type: 3}
  m_PrefabInstance: {fileID: 4564327520697527607}
  m_PrefabAsset: {fileID: 0}
--- !u!1001 &5478890563758461624
PrefabInstance:
  m_ObjectHideFlags: 0
  serializedVersion: 2
  m_Modification:
    serializedVersion: 3
    m_TransformParent: {fileID: 7500529592653948660}
    m_Modifications:
    - target: {fileID: -8679921383154817045, guid: bf23c3ab28ea06141ad55dc462661450, type: 3}
      propertyPath: m_LocalPosition.x
      value: 2.7051048
      objectReference: {fileID: 0}
    - target: {fileID: -8679921383154817045, guid: bf23c3ab28ea06141ad55dc462661450, type: 3}
      propertyPath: m_LocalPosition.y
      value: 0
      objectReference: {fileID: 0}
    - target: {fileID: -8679921383154817045, guid: bf23c3ab28ea06141ad55dc462661450, type: 3}
      propertyPath: m_LocalPosition.z
      value: -0.9841995
      objectReference: {fileID: 0}
    - target: {fileID: -8679921383154817045, guid: bf23c3ab28ea06141ad55dc462661450, type: 3}
      propertyPath: m_LocalRotation.w
      value: 1
      objectReference: {fileID: 0}
    - target: {fileID: -8679921383154817045, guid: bf23c3ab28ea06141ad55dc462661450, type: 3}
      propertyPath: m_LocalRotation.x
      value: -0
      objectReference: {fileID: 0}
    - target: {fileID: -8679921383154817045, guid: bf23c3ab28ea06141ad55dc462661450, type: 3}
      propertyPath: m_LocalRotation.y
      value: -0
      objectReference: {fileID: 0}
    - target: {fileID: -8679921383154817045, guid: bf23c3ab28ea06141ad55dc462661450, type: 3}
      propertyPath: m_LocalRotation.z
      value: -0
      objectReference: {fileID: 0}
    - target: {fileID: -8679921383154817045, guid: bf23c3ab28ea06141ad55dc462661450, type: 3}
      propertyPath: m_LocalEulerAnglesHint.x
      value: 0
      objectReference: {fileID: 0}
    - target: {fileID: -8679921383154817045, guid: bf23c3ab28ea06141ad55dc462661450, type: 3}
      propertyPath: m_LocalEulerAnglesHint.y
      value: 0
      objectReference: {fileID: 0}
    - target: {fileID: -8679921383154817045, guid: bf23c3ab28ea06141ad55dc462661450, type: 3}
      propertyPath: m_LocalEulerAnglesHint.z
      value: 0
      objectReference: {fileID: 0}
    - target: {fileID: -7511558181221131132, guid: bf23c3ab28ea06141ad55dc462661450, type: 3}
      propertyPath: m_Materials.Array.data[0]
      value: 
      objectReference: {fileID: 2100000, guid: 2beb888046897c44db8967abf9d24435, type: 2}
    - target: {fileID: 919132149155446097, guid: bf23c3ab28ea06141ad55dc462661450, type: 3}
      propertyPath: m_Name
      value: Potion
      objectReference: {fileID: 0}
    m_RemovedComponents: []
    m_RemovedGameObjects: []
    m_AddedGameObjects: []
    m_AddedComponents: []
  m_SourcePrefab: {fileID: 100100000, guid: bf23c3ab28ea06141ad55dc462661450, type: 3}
--- !u!4 &5441004264496133459 stripped
Transform:
  m_CorrespondingSourceObject: {fileID: -8679921383154817045, guid: bf23c3ab28ea06141ad55dc462661450, type: 3}
  m_PrefabInstance: {fileID: 5478890563758461624}
  m_PrefabAsset: {fileID: 0}
--- !u!1001 &5765534907386420064
PrefabInstance:
  m_ObjectHideFlags: 0
  serializedVersion: 2
  m_Modification:
    serializedVersion: 3
    m_TransformParent: {fileID: 7500529592653948660}
    m_Modifications:
    - target: {fileID: -8679921383154817045, guid: edb0b2ebb8f3afe478979aa85c7fe8a8, type: 3}
      propertyPath: m_LocalPosition.x
      value: -1.544899
      objectReference: {fileID: 0}
    - target: {fileID: -8679921383154817045, guid: edb0b2ebb8f3afe478979aa85c7fe8a8, type: 3}
      propertyPath: m_LocalPosition.y
      value: 0
      objectReference: {fileID: 0}
    - target: {fileID: -8679921383154817045, guid: edb0b2ebb8f3afe478979aa85c7fe8a8, type: 3}
      propertyPath: m_LocalPosition.z
      value: 0.7658005
      objectReference: {fileID: 0}
    - target: {fileID: -8679921383154817045, guid: edb0b2ebb8f3afe478979aa85c7fe8a8, type: 3}
      propertyPath: m_LocalRotation.w
      value: 1
      objectReference: {fileID: 0}
    - target: {fileID: -8679921383154817045, guid: edb0b2ebb8f3afe478979aa85c7fe8a8, type: 3}
      propertyPath: m_LocalRotation.x
      value: -0
      objectReference: {fileID: 0}
    - target: {fileID: -8679921383154817045, guid: edb0b2ebb8f3afe478979aa85c7fe8a8, type: 3}
      propertyPath: m_LocalRotation.y
      value: -0
      objectReference: {fileID: 0}
    - target: {fileID: -8679921383154817045, guid: edb0b2ebb8f3afe478979aa85c7fe8a8, type: 3}
      propertyPath: m_LocalRotation.z
      value: -0
      objectReference: {fileID: 0}
    - target: {fileID: -8679921383154817045, guid: edb0b2ebb8f3afe478979aa85c7fe8a8, type: 3}
      propertyPath: m_LocalEulerAnglesHint.x
      value: 0
      objectReference: {fileID: 0}
    - target: {fileID: -8679921383154817045, guid: edb0b2ebb8f3afe478979aa85c7fe8a8, type: 3}
      propertyPath: m_LocalEulerAnglesHint.y
      value: 0
      objectReference: {fileID: 0}
    - target: {fileID: -8679921383154817045, guid: edb0b2ebb8f3afe478979aa85c7fe8a8, type: 3}
      propertyPath: m_LocalEulerAnglesHint.z
      value: 0
      objectReference: {fileID: 0}
    - target: {fileID: -7511558181221131132, guid: edb0b2ebb8f3afe478979aa85c7fe8a8, type: 3}
      propertyPath: m_Materials.Array.data[0]
      value: 
      objectReference: {fileID: 2100000, guid: 2beb888046897c44db8967abf9d24435, type: 2}
    - target: {fileID: 919132149155446097, guid: edb0b2ebb8f3afe478979aa85c7fe8a8, type: 3}
      propertyPath: m_Name
      value: Chest_Big_Closed
      objectReference: {fileID: 0}
    m_RemovedComponents: []
    m_RemovedGameObjects: []
    m_AddedGameObjects: []
    m_AddedComponents: []
  m_SourcePrefab: {fileID: 100100000, guid: edb0b2ebb8f3afe478979aa85c7fe8a8, type: 3}
--- !u!4 &6307838895058631819 stripped
Transform:
  m_CorrespondingSourceObject: {fileID: -8679921383154817045, guid: edb0b2ebb8f3afe478979aa85c7fe8a8, type: 3}
  m_PrefabInstance: {fileID: 5765534907386420064}
  m_PrefabAsset: {fileID: 0}
--- !u!1001 &5789231713975327014
PrefabInstance:
  m_ObjectHideFlags: 0
  serializedVersion: 2
  m_Modification:
    serializedVersion: 3
    m_TransformParent: {fileID: 7500529592653948660}
    m_Modifications:
    - target: {fileID: -8679921383154817045, guid: 412a45969966d324593b1e21df74e031, type: 3}
      propertyPath: m_LocalPosition.x
      value: -0.044895172
      objectReference: {fileID: 0}
    - target: {fileID: -8679921383154817045, guid: 412a45969966d324593b1e21df74e031, type: 3}
      propertyPath: m_LocalPosition.y
      value: 0
      objectReference: {fileID: 0}
    - target: {fileID: -8679921383154817045, guid: 412a45969966d324593b1e21df74e031, type: 3}
      propertyPath: m_LocalPosition.z
      value: 0.7658005
      objectReference: {fileID: 0}
    - target: {fileID: -8679921383154817045, guid: 412a45969966d324593b1e21df74e031, type: 3}
      propertyPath: m_LocalRotation.w
      value: 1
      objectReference: {fileID: 0}
    - target: {fileID: -8679921383154817045, guid: 412a45969966d324593b1e21df74e031, type: 3}
      propertyPath: m_LocalRotation.x
      value: -0
      objectReference: {fileID: 0}
    - target: {fileID: -8679921383154817045, guid: 412a45969966d324593b1e21df74e031, type: 3}
      propertyPath: m_LocalRotation.y
      value: -0
      objectReference: {fileID: 0}
    - target: {fileID: -8679921383154817045, guid: 412a45969966d324593b1e21df74e031, type: 3}
      propertyPath: m_LocalRotation.z
      value: -0
      objectReference: {fileID: 0}
    - target: {fileID: -8679921383154817045, guid: 412a45969966d324593b1e21df74e031, type: 3}
      propertyPath: m_LocalEulerAnglesHint.x
      value: 0
      objectReference: {fileID: 0}
    - target: {fileID: -8679921383154817045, guid: 412a45969966d324593b1e21df74e031, type: 3}
      propertyPath: m_LocalEulerAnglesHint.y
      value: 0
      objectReference: {fileID: 0}
    - target: {fileID: -8679921383154817045, guid: 412a45969966d324593b1e21df74e031, type: 3}
      propertyPath: m_LocalEulerAnglesHint.z
      value: 0
      objectReference: {fileID: 0}
    - target: {fileID: -7511558181221131132, guid: 412a45969966d324593b1e21df74e031, type: 3}
      propertyPath: m_Materials.Array.data[0]
      value: 
      objectReference: {fileID: 2100000, guid: 2beb888046897c44db8967abf9d24435, type: 2}
    - target: {fileID: 919132149155446097, guid: 412a45969966d324593b1e21df74e031, type: 3}
      propertyPath: m_Name
      value: Chest_Big_gold
      objectReference: {fileID: 0}
    m_RemovedComponents: []
    m_RemovedGameObjects: []
    m_AddedGameObjects: []
    m_AddedComponents: []
  m_SourcePrefab: {fileID: 100100000, guid: 412a45969966d324593b1e21df74e031, type: 3}
--- !u!4 &6331430984102297293 stripped
Transform:
  m_CorrespondingSourceObject: {fileID: -8679921383154817045, guid: 412a45969966d324593b1e21df74e031, type: 3}
  m_PrefabInstance: {fileID: 5789231713975327014}
  m_PrefabAsset: {fileID: 0}
--- !u!1001 &5841273319945167759
PrefabInstance:
  m_ObjectHideFlags: 0
  serializedVersion: 2
  m_Modification:
    serializedVersion: 3
    m_TransformParent: {fileID: 7500529592653948660}
    m_Modifications:
    - target: {fileID: -8679921383154817045, guid: d5c05df4cd8e6be4faac2bf000038a7e, type: 3}
      propertyPath: m_LocalPosition.x
      value: 1.2051048
      objectReference: {fileID: 0}
    - target: {fileID: -8679921383154817045, guid: d5c05df4cd8e6be4faac2bf000038a7e, type: 3}
      propertyPath: m_LocalPosition.y
      value: 1.25
      objectReference: {fileID: 0}
    - target: {fileID: -8679921383154817045, guid: d5c05df4cd8e6be4faac2bf000038a7e, type: 3}
      propertyPath: m_LocalPosition.z
      value: -0.23419952
      objectReference: {fileID: 0}
    - target: {fileID: -8679921383154817045, guid: d5c05df4cd8e6be4faac2bf000038a7e, type: 3}
      propertyPath: m_LocalRotation.w
      value: 1
      objectReference: {fileID: 0}
    - target: {fileID: -8679921383154817045, guid: d5c05df4cd8e6be4faac2bf000038a7e, type: 3}
      propertyPath: m_LocalRotation.x
      value: -0
      objectReference: {fileID: 0}
    - target: {fileID: -8679921383154817045, guid: d5c05df4cd8e6be4faac2bf000038a7e, type: 3}
      propertyPath: m_LocalRotation.y
      value: -0
      objectReference: {fileID: 0}
    - target: {fileID: -8679921383154817045, guid: d5c05df4cd8e6be4faac2bf000038a7e, type: 3}
      propertyPath: m_LocalRotation.z
      value: -0
      objectReference: {fileID: 0}
    - target: {fileID: -8679921383154817045, guid: d5c05df4cd8e6be4faac2bf000038a7e, type: 3}
      propertyPath: m_LocalEulerAnglesHint.x
      value: 0
      objectReference: {fileID: 0}
    - target: {fileID: -8679921383154817045, guid: d5c05df4cd8e6be4faac2bf000038a7e, type: 3}
      propertyPath: m_LocalEulerAnglesHint.y
      value: 0
      objectReference: {fileID: 0}
    - target: {fileID: -8679921383154817045, guid: d5c05df4cd8e6be4faac2bf000038a7e, type: 3}
      propertyPath: m_LocalEulerAnglesHint.z
      value: 0
      objectReference: {fileID: 0}
    - target: {fileID: -7511558181221131132, guid: d5c05df4cd8e6be4faac2bf000038a7e, type: 3}
      propertyPath: m_Materials.Array.data[0]
      value: 
      objectReference: {fileID: 2100000, guid: 2beb888046897c44db8967abf9d24435, type: 2}
    - target: {fileID: 919132149155446097, guid: d5c05df4cd8e6be4faac2bf000038a7e, type: 3}
      propertyPath: m_Name
      value: Chest_medium_Lid
      objectReference: {fileID: 0}
    m_RemovedComponents: []
    m_RemovedGameObjects: []
    m_AddedGameObjects: []
    m_AddedComponents: []
  m_SourcePrefab: {fileID: 100100000, guid: d5c05df4cd8e6be4faac2bf000038a7e, type: 3}
--- !u!4 &6240553532222669924 stripped
Transform:
  m_CorrespondingSourceObject: {fileID: -8679921383154817045, guid: d5c05df4cd8e6be4faac2bf000038a7e, type: 3}
  m_PrefabInstance: {fileID: 5841273319945167759}
  m_PrefabAsset: {fileID: 0}
--- !u!1001 &6319540508542491034
PrefabInstance:
  m_ObjectHideFlags: 0
  serializedVersion: 2
  m_Modification:
    serializedVersion: 3
    m_TransformParent: {fileID: 7500529592653948660}
    m_Modifications:
    - target: {fileID: -8679921383154817045, guid: 08bfc8ad150dfa944bea15cf09600037, type: 3}
      propertyPath: m_LocalPosition.x
      value: 0.9551048
      objectReference: {fileID: 0}
    - target: {fileID: -8679921383154817045, guid: 08bfc8ad150dfa944bea15cf09600037, type: 3}
      propertyPath: m_LocalPosition.y
      value: 0
      objectReference: {fileID: 0}
    - target: {fileID: -8679921383154817045, guid: 08bfc8ad150dfa944bea15cf09600037, type: 3}
      propertyPath: m_LocalPosition.z
      value: -0.48419952
      objectReference: {fileID: 0}
    - target: {fileID: -8679921383154817045, guid: 08bfc8ad150dfa944bea15cf09600037, type: 3}
      propertyPath: m_LocalRotation.w
      value: 1
      objectReference: {fileID: 0}
    - target: {fileID: -8679921383154817045, guid: 08bfc8ad150dfa944bea15cf09600037, type: 3}
      propertyPath: m_LocalRotation.x
      value: -0
      objectReference: {fileID: 0}
    - target: {fileID: -8679921383154817045, guid: 08bfc8ad150dfa944bea15cf09600037, type: 3}
      propertyPath: m_LocalRotation.y
      value: -0
      objectReference: {fileID: 0}
    - target: {fileID: -8679921383154817045, guid: 08bfc8ad150dfa944bea15cf09600037, type: 3}
      propertyPath: m_LocalRotation.z
      value: -0
      objectReference: {fileID: 0}
    - target: {fileID: -8679921383154817045, guid: 08bfc8ad150dfa944bea15cf09600037, type: 3}
      propertyPath: m_LocalEulerAnglesHint.x
      value: 0
      objectReference: {fileID: 0}
    - target: {fileID: -8679921383154817045, guid: 08bfc8ad150dfa944bea15cf09600037, type: 3}
      propertyPath: m_LocalEulerAnglesHint.y
      value: 0
      objectReference: {fileID: 0}
    - target: {fileID: -8679921383154817045, guid: 08bfc8ad150dfa944bea15cf09600037, type: 3}
      propertyPath: m_LocalEulerAnglesHint.z
      value: 0
      objectReference: {fileID: 0}
    - target: {fileID: -7511558181221131132, guid: 08bfc8ad150dfa944bea15cf09600037, type: 3}
      propertyPath: m_Materials.Array.data[0]
      value: 
      objectReference: {fileID: 2100000, guid: 2beb888046897c44db8967abf9d24435, type: 2}
    - target: {fileID: 919132149155446097, guid: 08bfc8ad150dfa944bea15cf09600037, type: 3}
      propertyPath: m_Name
      value: Candle_1
      objectReference: {fileID: 0}
    m_RemovedComponents: []
    m_RemovedGameObjects: []
    m_AddedGameObjects: []
    m_AddedComponents: []
  m_SourcePrefab: {fileID: 100100000, guid: 08bfc8ad150dfa944bea15cf09600037, type: 3}
--- !u!4 &5780719634590252657 stripped
Transform:
  m_CorrespondingSourceObject: {fileID: -8679921383154817045, guid: 08bfc8ad150dfa944bea15cf09600037, type: 3}
  m_PrefabInstance: {fileID: 6319540508542491034}
  m_PrefabAsset: {fileID: 0}
--- !u!1001 &6784781151441955244
PrefabInstance:
  m_ObjectHideFlags: 0
  serializedVersion: 2
  m_Modification:
    serializedVersion: 3
    m_TransformParent: {fileID: 7500529592653948660}
    m_Modifications:
    - target: {fileID: 5908989989589916958, guid: e9c3880909ca37f4789dee8d46b811bd, type: 3}
      propertyPath: m_Name
      value: Candle_Holder
      objectReference: {fileID: 0}
    - target: {fileID: 6434275774473750436, guid: e9c3880909ca37f4789dee8d46b811bd, type: 3}
      propertyPath: m_LocalPosition.x
      value: 1.9551048
      objectReference: {fileID: 0}
    - target: {fileID: 6434275774473750436, guid: e9c3880909ca37f4789dee8d46b811bd, type: 3}
      propertyPath: m_LocalPosition.y
      value: 0
      objectReference: {fileID: 0}
    - target: {fileID: 6434275774473750436, guid: e9c3880909ca37f4789dee8d46b811bd, type: 3}
      propertyPath: m_LocalPosition.z
      value: -1.4841995
      objectReference: {fileID: 0}
    - target: {fileID: 6434275774473750436, guid: e9c3880909ca37f4789dee8d46b811bd, type: 3}
      propertyPath: m_LocalRotation.w
      value: 1
      objectReference: {fileID: 0}
    - target: {fileID: 6434275774473750436, guid: e9c3880909ca37f4789dee8d46b811bd, type: 3}
      propertyPath: m_LocalRotation.x
      value: -0
      objectReference: {fileID: 0}
    - target: {fileID: 6434275774473750436, guid: e9c3880909ca37f4789dee8d46b811bd, type: 3}
      propertyPath: m_LocalRotation.y
      value: -0
      objectReference: {fileID: 0}
    - target: {fileID: 6434275774473750436, guid: e9c3880909ca37f4789dee8d46b811bd, type: 3}
      propertyPath: m_LocalRotation.z
      value: -0
      objectReference: {fileID: 0}
    - target: {fileID: 6434275774473750436, guid: e9c3880909ca37f4789dee8d46b811bd, type: 3}
      propertyPath: m_LocalEulerAnglesHint.x
      value: 0
      objectReference: {fileID: 0}
    - target: {fileID: 6434275774473750436, guid: e9c3880909ca37f4789dee8d46b811bd, type: 3}
      propertyPath: m_LocalEulerAnglesHint.y
      value: 0
      objectReference: {fileID: 0}
    - target: {fileID: 6434275774473750436, guid: e9c3880909ca37f4789dee8d46b811bd, type: 3}
      propertyPath: m_LocalEulerAnglesHint.z
      value: 0
      objectReference: {fileID: 0}
    m_RemovedComponents: []
    m_RemovedGameObjects: []
    m_AddedGameObjects: []
    m_AddedComponents: []
  m_SourcePrefab: {fileID: 100100000, guid: e9c3880909ca37f4789dee8d46b811bd, type: 3}
--- !u!4 &532340892118183432 stripped
Transform:
  m_CorrespondingSourceObject: {fileID: 6434275774473750436, guid: e9c3880909ca37f4789dee8d46b811bd, type: 3}
  m_PrefabInstance: {fileID: 6784781151441955244}
  m_PrefabAsset: {fileID: 0}
--- !u!1001 &7501920207160718637
PrefabInstance:
  m_ObjectHideFlags: 0
  serializedVersion: 2
  m_Modification:
    serializedVersion: 3
    m_TransformParent: {fileID: 7500529592653948660}
    m_Modifications:
    - target: {fileID: -8679921383154817045, guid: 3fe246c6b6627cb4a83375dfebf92031, type: 3}
      propertyPath: m_LocalPosition.x
      value: 0.9551048
      objectReference: {fileID: 0}
    - target: {fileID: -8679921383154817045, guid: 3fe246c6b6627cb4a83375dfebf92031, type: 3}
      propertyPath: m_LocalPosition.y
      value: 0
      objectReference: {fileID: 0}
    - target: {fileID: -8679921383154817045, guid: 3fe246c6b6627cb4a83375dfebf92031, type: 3}
      propertyPath: m_LocalPosition.z
      value: -0.9841995
      objectReference: {fileID: 0}
    - target: {fileID: -8679921383154817045, guid: 3fe246c6b6627cb4a83375dfebf92031, type: 3}
      propertyPath: m_LocalRotation.w
      value: 1
      objectReference: {fileID: 0}
    - target: {fileID: -8679921383154817045, guid: 3fe246c6b6627cb4a83375dfebf92031, type: 3}
      propertyPath: m_LocalRotation.x
      value: -0
      objectReference: {fileID: 0}
    - target: {fileID: -8679921383154817045, guid: 3fe246c6b6627cb4a83375dfebf92031, type: 3}
      propertyPath: m_LocalRotation.y
      value: -0
      objectReference: {fileID: 0}
    - target: {fileID: -8679921383154817045, guid: 3fe246c6b6627cb4a83375dfebf92031, type: 3}
      propertyPath: m_LocalRotation.z
      value: -0
      objectReference: {fileID: 0}
    - target: {fileID: -8679921383154817045, guid: 3fe246c6b6627cb4a83375dfebf92031, type: 3}
      propertyPath: m_LocalEulerAnglesHint.x
      value: 0
      objectReference: {fileID: 0}
    - target: {fileID: -8679921383154817045, guid: 3fe246c6b6627cb4a83375dfebf92031, type: 3}
      propertyPath: m_LocalEulerAnglesHint.y
      value: 0
      objectReference: {fileID: 0}
    - target: {fileID: -8679921383154817045, guid: 3fe246c6b6627cb4a83375dfebf92031, type: 3}
      propertyPath: m_LocalEulerAnglesHint.z
      value: 0
      objectReference: {fileID: 0}
    - target: {fileID: -7511558181221131132, guid: 3fe246c6b6627cb4a83375dfebf92031, type: 3}
      propertyPath: m_Materials.Array.data[0]
      value: 
      objectReference: {fileID: 2100000, guid: 2beb888046897c44db8967abf9d24435, type: 2}
    - target: {fileID: 919132149155446097, guid: 3fe246c6b6627cb4a83375dfebf92031, type: 3}
      propertyPath: m_Name
      value: Candle_3
      objectReference: {fileID: 0}
    m_RemovedComponents: []
    m_RemovedGameObjects: []
    m_AddedGameObjects: []
    m_AddedComponents: []
  m_SourcePrefab: {fileID: 100100000, guid: 3fe246c6b6627cb4a83375dfebf92031, type: 3}
--- !u!4 &8040778918315086534 stripped
Transform:
  m_CorrespondingSourceObject: {fileID: -8679921383154817045, guid: 3fe246c6b6627cb4a83375dfebf92031, type: 3}
  m_PrefabInstance: {fileID: 7501920207160718637}
  m_PrefabAsset: {fileID: 0}
--- !u!1001 &8319503631298086409
PrefabInstance:
  m_ObjectHideFlags: 0
  serializedVersion: 2
  m_Modification:
    serializedVersion: 3
    m_TransformParent: {fileID: 7500529592653948660}
    m_Modifications:
    - target: {fileID: -8679921383154817045, guid: 6693d845e491e6349a987de3ae3e9093, type: 3}
      propertyPath: m_LocalPosition.x
      value: 3.4551048
      objectReference: {fileID: 0}
    - target: {fileID: -8679921383154817045, guid: 6693d845e491e6349a987de3ae3e9093, type: 3}
      propertyPath: m_LocalPosition.y
      value: 0
      objectReference: {fileID: 0}
    - target: {fileID: -8679921383154817045, guid: 6693d845e491e6349a987de3ae3e9093, type: 3}
      propertyPath: m_LocalPosition.z
      value: -1.9841919
      objectReference: {fileID: 0}
    - target: {fileID: -8679921383154817045, guid: 6693d845e491e6349a987de3ae3e9093, type: 3}
      propertyPath: m_LocalRotation.w
      value: 1
      objectReference: {fileID: 0}
    - target: {fileID: -8679921383154817045, guid: 6693d845e491e6349a987de3ae3e9093, type: 3}
      propertyPath: m_LocalRotation.x
      value: -0
      objectReference: {fileID: 0}
    - target: {fileID: -8679921383154817045, guid: 6693d845e491e6349a987de3ae3e9093, type: 3}
      propertyPath: m_LocalRotation.y
      value: -0
      objectReference: {fileID: 0}
    - target: {fileID: -8679921383154817045, guid: 6693d845e491e6349a987de3ae3e9093, type: 3}
      propertyPath: m_LocalRotation.z
      value: -0
      objectReference: {fileID: 0}
    - target: {fileID: -8679921383154817045, guid: 6693d845e491e6349a987de3ae3e9093, type: 3}
      propertyPath: m_LocalEulerAnglesHint.x
      value: 0
      objectReference: {fileID: 0}
    - target: {fileID: -8679921383154817045, guid: 6693d845e491e6349a987de3ae3e9093, type: 3}
      propertyPath: m_LocalEulerAnglesHint.y
      value: 0
      objectReference: {fileID: 0}
    - target: {fileID: -8679921383154817045, guid: 6693d845e491e6349a987de3ae3e9093, type: 3}
      propertyPath: m_LocalEulerAnglesHint.z
      value: 0
      objectReference: {fileID: 0}
    - target: {fileID: -7511558181221131132, guid: 6693d845e491e6349a987de3ae3e9093, type: 3}
      propertyPath: m_Materials.Array.data[0]
      value: 
      objectReference: {fileID: 2100000, guid: 2beb888046897c44db8967abf9d24435, type: 2}
    - target: {fileID: 919132149155446097, guid: 6693d845e491e6349a987de3ae3e9093, type: 3}
      propertyPath: m_Name
      value: Pillar_1
      objectReference: {fileID: 0}
    m_RemovedComponents: []
    m_RemovedGameObjects: []
    m_AddedGameObjects: []
    m_AddedComponents: []
  m_SourcePrefab: {fileID: 100100000, guid: 6693d845e491e6349a987de3ae3e9093, type: 3}
--- !u!4 &8430291019016511970 stripped
Transform:
  m_CorrespondingSourceObject: {fileID: -8679921383154817045, guid: 6693d845e491e6349a987de3ae3e9093, type: 3}
  m_PrefabInstance: {fileID: 8319503631298086409}
  m_PrefabAsset: {fileID: 0}
--- !u!1001 &8806956365636619458
PrefabInstance:
  m_ObjectHideFlags: 0
  serializedVersion: 2
  m_Modification:
    serializedVersion: 3
    m_TransformParent: {fileID: 7500529592653948660}
    m_Modifications:
    - target: {fileID: -8679921383154817045, guid: a95c96097c1733141911e4b80c12b002, type: 3}
      propertyPath: m_LocalPosition.x
      value: 3.4551048
      objectReference: {fileID: 0}
    - target: {fileID: -8679921383154817045, guid: a95c96097c1733141911e4b80c12b002, type: 3}
      propertyPath: m_LocalPosition.y
      value: 0
      objectReference: {fileID: 0}
    - target: {fileID: -8679921383154817045, guid: a95c96097c1733141911e4b80c12b002, type: 3}
      propertyPath: m_LocalPosition.z
      value: -0.9841995
      objectReference: {fileID: 0}
    - target: {fileID: -8679921383154817045, guid: a95c96097c1733141911e4b80c12b002, type: 3}
      propertyPath: m_LocalRotation.w
      value: 1
      objectReference: {fileID: 0}
    - target: {fileID: -8679921383154817045, guid: a95c96097c1733141911e4b80c12b002, type: 3}
      propertyPath: m_LocalRotation.x
      value: -0
      objectReference: {fileID: 0}
    - target: {fileID: -8679921383154817045, guid: a95c96097c1733141911e4b80c12b002, type: 3}
      propertyPath: m_LocalRotation.y
      value: -0
      objectReference: {fileID: 0}
    - target: {fileID: -8679921383154817045, guid: a95c96097c1733141911e4b80c12b002, type: 3}
      propertyPath: m_LocalRotation.z
      value: -0
      objectReference: {fileID: 0}
    - target: {fileID: -8679921383154817045, guid: a95c96097c1733141911e4b80c12b002, type: 3}
      propertyPath: m_LocalEulerAnglesHint.x
      value: 0
      objectReference: {fileID: 0}
    - target: {fileID: -8679921383154817045, guid: a95c96097c1733141911e4b80c12b002, type: 3}
      propertyPath: m_LocalEulerAnglesHint.y
      value: 0
      objectReference: {fileID: 0}
    - target: {fileID: -8679921383154817045, guid: a95c96097c1733141911e4b80c12b002, type: 3}
      propertyPath: m_LocalEulerAnglesHint.z
      value: 0
      objectReference: {fileID: 0}
    - target: {fileID: -7511558181221131132, guid: a95c96097c1733141911e4b80c12b002, type: 3}
      propertyPath: m_Materials.Array.data[0]
      value: 
      objectReference: {fileID: 2100000, guid: 2beb888046897c44db8967abf9d24435, type: 2}
    - target: {fileID: 919132149155446097, guid: a95c96097c1733141911e4b80c12b002, type: 3}
      propertyPath: m_Name
      value: Pillar_3
      objectReference: {fileID: 0}
    m_RemovedComponents: []
    m_RemovedGameObjects: []
    m_AddedGameObjects: []
    m_AddedComponents: []
  m_SourcePrefab: {fileID: 100100000, guid: a95c96097c1733141911e4b80c12b002, type: 3}
--- !u!4 &9057338472110467881 stripped
Transform:
  m_CorrespondingSourceObject: {fileID: -8679921383154817045, guid: a95c96097c1733141911e4b80c12b002, type: 3}
  m_PrefabInstance: {fileID: 8806956365636619458}
  m_PrefabAsset: {fileID: 0}
